 Dungeon Crawl Stone Soup version 0.17-a0-2101-g0c122e7 (webtiles) character file.

3144 brucemayne the Cleaver (level 9, -3/74 HPs)
             Began as a Hill Orc Monk on Oct 18, 2015.
             Was a Priest of Makhleb.
             Slain by a troll (8 damage)
             ... on level 11 of the Dungeon.
             The game lasted 00:23:59 (4575 turns).

brucemayne the Cleaver (Hill Orc Monk)              Turns: 4575, Time: 00:24:00

Health: -3/74      AC: 14    Str: 20    XL:     9   Next: 93%
Magic:  9/9        EV: 14    Int: 10    God:    Makhleb [***...]
Gold:   82         SH:  0    Dex: 18    Spells: 0 memorised, 8 levels left

rFire  . . .     SeeInvis +     n - +1 war axe
rCold  . . .     Clarity  .     r - +0 chain mail
rNeg   . . .     SustAt   .     (no shield)
rPois  .         Gourm    .     (no helmet)
rElec  .         Spirit   .     F - +2 cloak of a ziggurat {-Cast Regen+ Str+3 SInv}
rCorr  .         Warding  .     (no gloves)
rMut   .         Stasis   .     e - +0 pair of boots
MR     .....     NoCast   +     (no amulet)
Stlth  ..........               (no ring)
                                h - ring of flight

@: agile, lethally poisoned (-3 -> -9), very slightly contaminated, invisible,
not resistant to hostile enchantments, extremely unstealthy
A: no striking features
a: Minor Destruction, Lesser Servant of Makhleb, Renounce Religion, Evoke Flight


You were on level 11 of the Dungeon.
You worshipped Makhleb.
Makhleb was most pleased with you.
You were not hungry.

You visited 2 branches of the dungeon, and saw 12 of its levels.

You collected 319 gold pieces.
You spent 237 gold pieces at shops.

Inventory:

Hand Weapons
 c - a +0 hunting sling
 d - a +2 broad axe of chopping
 f - a +0 flail of crushing
 g - a +0 club
 i - a +0 short sword
 n - a +1 war axe (weapon)
 y - a +0 hand axe
Missiles
 H - 17 poisoned needles
Armour
 a - a +0 robe
 e - a +0 pair of boots (worn)
 p - a +1 ring mail
 r - a +0 chain mail (worn)
 u - a +1 scale mail of fire resistance
 F - the +2 cloak of a ziggurat (worn) {-Cast Regen+ Str+3 SInv}
   (You bought it in a shop on level 4 of the Dungeon)

   It affects your strength (+3).
   It lets you see invisible.
   It prevents spellcasting.
   It increases your rate of regeneration.
Jewellery
 h - a ring of flight (left hand)
Wands
 s - a wand of random effects (0)
 t - a wand of polymorph (0)
 v - a wand of fire (0)
 G - a wand of fireball (10)
Scrolls
 j - a scroll of magic mapping
 l - a scroll of enchant weapon
 m - a scroll of enchant armour
 z - a scroll of teleportation
 B - 3 scrolls of amnesia {unknown}
 E - 5 scrolls of identify
Potions
 w - a potion of poison
 A - a potion of agility
 D - a potion of might
Books
 o - a book of Enchantments

   Spells                             Type                      Level
   a - Cause Fear                     Hexes                        4
   b - Silence                        Hexes/Air                    5
   c - Deflect Missiles               Charms/Air                   6
   d - Haste                          Charms                       6
   e - Discord                        Hexes                        8
Comestibles
 b - 6 bread rations
 k - 4 meat rations
 q - a royal jelly


   Skills:
 - Level 5.3 Fighting
 + Level 14.9 Axes
 - Level 5.0 Armour
 - Level 2.4 Dodging
 - Level 1.5 Stealth
 - Level 4.3 Unarmed Combat


You had 8 spell levels left.
You didn't know any spells.

Dungeon Overview and Level Annotations

Branches:
Dungeon (11/15)            Temple (1/1) D:5
   Lair: D:8-11         Orc: D:9-12

Altars:
Ashenzari
Dithmenos
Elyvilon
Fedhas
Kikubaaqudgha
Makhleb
Nemelex Xobeh
Okawaru
Qazlal
Ru
Trog
Vehumet
Xom
Zin
The Shining One
Lugonu

Shops:
D:4 **[:   D:6 [

Annotations:
D:5 hexophile's ghost, novice HOGl
D:6 Dowan; Duvessa; Edmund
D:10 Fannar
D:11 Sonja


Message History

The troll shouts!
Found three items.
There is an open door here.
You feel yourself speed up.
The big kobold hits you with a short sword.
* * * LOW HITPOINT WARNING * * *
You feel sick.
Drink which item? (? for menu, Esc to quit)
It was a potion of poison.
That liquid tasted very nasty...
You are lethally poisoned!
* * * LOW HITPOINT WARNING * * *
You feel sick. The troll barely misses you. The troll barely misses you.
The troll closely misses you.
Drink which item? (? for menu, Esc to quit)
It was a potion of agility.
You feel agile all of a sudden.
* * * LOW HITPOINT WARNING * * *
You feel sick. The troll bites you!
You die...

#..........
#..........#
#.......?..#
#..........#
#..........#
#.........?#
+..........#
#..@K......#
#..$T......#
#####K######
######(#
#.K....#
##.########
#KK.$......
#.........(
#..........


You could see a troll, a big kobold and a kobold.

Vanquished Creatures
  A yak (D:7)
  A wyvern (D:9)
  A spriggan (D:8)
  Menkaure (D:7)
  A hippogriff (D:7)
  2 ice beasts (D:9)
  4 ogres
  2 necrophages
  4 centaurs
  A boggart (D:7)
  3 giant frogs
  A wyvern zombie (D:8)
  A water moccasin skeleton (D:4)
  2 scorpions
  3 killer bees (D:7)
  A jelly (D:5)
  2 giant frog zombies
  4 crimson imps
  3 orc priests
  A giant frog skeleton (D:8)
  A hound (D:9)
  4 orc wizards
  An iguana (D:7)
  Natasha (D:3)
  4 worker ants
  A hound zombie (D:5)
  2 hound skeletons
  4 adders
  3 gnolls
  2 shadow imps
  An ooze (D:1)
  An adder skeleton (D:5)
  2 giant geckos
  11 orcs
  3 bats
  5 goblins
  6 hobgoblins
  2 kobolds
  4 quokkas
  A ball python (D:1)
  A ball python zombie (D:5)
  3 giant cockroaches
  A giant gecko skeleton (D:5)
  4 giant newts
  A jackal skeleton (D:5)
  2 rats (D:1)
110 creatures vanquished.

Vanquished Creatures (others)
  A human (D:2)
  An orc wizard (D:8)
2 creatures vanquished.

Grand Total: 112 creatures vanquished

Notes
Turn   | Place    | Note
--------------------------------------------------------------
     0 | D:1      | brucemayne the Hill Orc Monk began the quest for the Orb.
     0 | D:1      | Reached XP level 1. HP: 19/19 MP: 1/1
    33 | D:1      | Reached skill level 1 in Armour
    70 | D:2      | Reached XP level 2. HP: 19/26 MP: 2/2
   130 | D:2      | Found an ancient bone altar of Kikubaaqudgha.
   131 | D:2      | Noticed a human
   133 | D:2      | Killed a human
   743 | D:1      | Reached XP level 3. HP: 29/31 MP: 3/3
   803 | D:2      | Found a stormy altar of Qazlal.
  1047 | D:3      | Found a shimmering altar of Xom.
  1082 | D:4      | Found a blossoming altar of Fedhas.
  1200 | D:3      | Noticed a necrophage
  1226 | D:5      | Entered Level 5 of the Dungeon
  1262 | D:4      | Reached XP level 4. HP: 28/39 MP: 4/4
  1272 | D:4      | Found Pyopreha's Assorted Antiques.
  1338 | D:4      | Found Tiuch's Antique Armour Emporium.
  1349 | D:4      | Found Otor's General Store.
  1365 | D:4      | Found Wual's Book Boutique.
  1368 | D:4      | Noticed an ogre
  1374 | D:4      | Killed an ogre
  1374 | D:4      | Reached XP level 5. HP: 30/45 MP: 5/5
  1391 | D:4      | Reached skill level 5 in Axes
  1391 | D:4      | Reached XP level 6. HP: 15/51 MP: 6/6
  1518 | D:5      | Reached skill level 6 in Axes
  1577 | D:5      | Noticed hexophile's ghost (novice HOGl)
  1818 | D:3      | Noticed Natasha
  1823 | D:3      | Killed Natasha
  1823 | D:3      | Reached skill level 7 in Axes
  1842 | D:3      | Killed a necrophage
  1842 | D:3      | Reached XP level 7. HP: 48/55 MP: 7/7
  1980 | D:5      | Reached skill level 8 in Axes
  2034 | D:5      | Found a staircase to the Ecumenical Temple.
  2049 | Temple   | Entered the Ecumenical Temple
  2065 | Temple   | Became a worshipper of Makhleb the Destroyer
  2065 | Temple   | Reached * piety under Makhleb
  2065 | Temple   | Reached ** piety under Makhleb
  2229 | D:5      | Reached skill level 9 in Axes
  2331 | D:6      | Found Pekivueck's Armour Shoppe.
  2433 | D:6      | Noticed Duvessa
  2433 | D:6      | Noticed Dowan
  2449 | D:7      | Noticed Menkaure
  2466 | D:8      | Noticed a wyvern
  2494 | D:8      | Identified a scroll of acquirement
  2510 | D:8      | Reached skill level 10 in Axes
  2510 | D:8      | Reached XP level 8. HP: 40/64 MP: 8/8
  2785 | D:8      | Reached skill level 11 in Axes
  3067 | D:8      | Reached skill level 12 in Axes
  3093 | D:7      | Noticed a hippogriff
  3100 | D:7      | Killed a hippogriff
  3225 | D:7      | Reached skill level 13 in Axes
  3225 | D:7      | Reached XP level 9. HP: 27/70 MP: 9/9
  3382 | D:6      | Found a glowing golden altar of the Shining One.
  3431 | D:6      | Noticed a yak
  3433 | D:6      | Noticed a yak
  3434 | D:6      | Noticed a yak
  3435 | D:6      | Noticed a yak
  3471 | D:6      | Noticed Edmund
  3500 | D:7      | Killed a yak
  3621 | D:8      | Reached *** piety under Makhleb
  3655 | D:8      | Reached skill level 14 in Axes
  3665 | D:8      | Noticed a spriggan baker
  3673 | D:8      | Killed a spriggan baker
  3811 | D:7      | Killed Menkaure
  3827 | D:7      | Found a shattered altar of Ashenzari.
  3842 | D:7      | Reached skill level 5 in Fighting
  3879 | D:7      | Noticed a steam dragon
  4029 | D:4      | Bought a warped cloak for 237 gold pieces
  4034 | D:4      | Identified the +2 cloak of a ziggurat {-Cast Regen+ Str+3 SInv} (You bought it in a shop on level 4 of the Dungeon)
  4180 | D:9      | Reached skill level 5 in Armour
  4251 | D:10     | Entered Level 10 of the Dungeon
  4268 | D:10     | Noticed Fannar
  4272 | D:10     | Noticed a gargoyle
  4312 | D:9      | Killed a wyvern
  4452 | D:9      | Found an iron altar of Okawaru.
  4556 | D:11     | Noticed Sonja
  4556 | D:11     | Noticed a hill giant
  4575 | D:11     | Slain by a troll

Vault maps used:
D:1:      wheals_arrival_shading
D:2:      gammafunk_temple_overflow_elements, lemuel_round_altar,
          tgw_kikubaaqudgha
D:3:      xom_butterflies, uniq_natasha
D:4:      lemuel_blue_sif_altar, lemuel_crystal_altar, serial_shops, shop,
          nicolae_shop_behind_doors, nicolae_shop_stone, shop
D:5:      minmay_temple_entry_poolview, first_bread, kennysheep_path_1,
          kennysheep_generic_room_11
D:6:      old_standard_altar, serial_shops, shop, shop, uniq_pikel,
          uniq_duvessa, uniq_edmund
D:7:      evilmike_ruin_ashenzari, uniq_menkaure
D:8:      nicolae_overflow_hidden_temple, the_bakery, kennysheep_cross_room
D:9:      grunt_gozag_statues, nicolae_overflow_crystal_walls,
          minmay_crystal_water, kennysheep_generic_room_7
D:10:     minmay_twisted_water, minmay_orc_entry_guard_dogs, uniq_fannar
D:11:     dpeg_oklobed_lair, uniq_sonja
Temple:   corrupted_temple

Action                   |  1- 3 |  4- 6 |  7- 9 || total
-------------------------+-------+-------+-------++-------
Melee: Unarmed           |    47 |       |    11 ||    58
       Short sword       |    35 |       |       ||    35
       War axe           |    28 |    67 |   332 ||   427
Evoke: Wand              |       |    11 |     7 ||    18
  Use: Scroll            |       |     3 |    10 ||    13
       Potion            |       |       |    10 ||    10
 Stab: Sleeping          |     6 |       |       ||     6
  Eat: Chunk             |     1 |       |     7 ||     8
       Beef jerky        |       |     1 |       ||     1
       Pizza             |       |       |     2 ||     2
